 Dungeon Crawl Stone Soup version 0.28.0-1-gb440e238dd (webtiles) character file.

Game seed: 3075207974134332086

1887 bande the Chopper (level 9, -7/54 HPs)
             Began as a Gargoyle Fighter on Feb 21, 2022.
             Was a Believer of Okawaru.
             Mangled by a hornet (12 damage)
             ... on level 7 of the Dungeon.
             The game lasted 00:11:26 (7260 turns).

bande the Chopper (Gargoyle Fighter)                Turns: 7260, Time: 00:11:27

Health: -7/54      AC: 20    Str: 20    XL:     9   Next: 14%
Magic:  10/12      EV: 11    Int:  9    God:    Okawaru [**....]
Gold:   1494       SH:  7    Dex: 13    Spells: 8/8 levels left

rFire   + + .      SeeInvis .   u - +0 war axe (flame)
rCold   . . .      Faith    .   c - +1 buckler
rNeg    + . .      Spirit   .   b - +0 scale mail
rPois   ∞          Reflect  .   h - +2 helmet
rElec   +          Harm     .   k - +0 cloak
rCorr   .          Rampage  .   (no gloves)
Will    .....                   (no boots)
Stlth   +.........              (no amulet)
HPRegen 0.18/turn               e - ring of protection from fire
MPRegen 0.13/turn               o - ring of protection from fire

@: heroic
A: sickness immunity, AC +6, negative energy resistance 1, electricity
resistance, torment resistance 1, petrification resistance
a: Renounce Religion, Heroism


You were on level 7 of the Dungeon.
You worshipped Okawaru.
Okawaru was pleased with you.
You visited 2 branches of the dungeon, and saw 8 of its levels.

You collected 1494 gold pieces.

Inventory:

Hand Weapons
 a - a +1 war axe
 u - a +0 war axe of flaming (weapon)
Armour
 b - a +0 scale mail (worn)
 c - a +1 buckler (worn)
 h - a +2 helmet (worn)
 k - a +0 cloak (worn)
Jewellery
 e - a ring of protection from fire (left hand)
 m - a ring of magical power
 o - a ring of protection from fire (right hand)
 s - a +6 ring of strength
Scrolls
 f - 4 scrolls of teleportation
 g - 2 scrolls of enchant weapon
 i - 2 scrolls of blinking
 p - 3 scrolls of enchant armour
 r - a scroll of amnesia
 t - a scroll of identify
Potions
 d - a potion of might
 j - 2 potions of curing
 l - a potion of resistance
 n - 2 potions of heal wounds {unknown}
 q - a potion of attraction {unknown}


   Skills:
 + Level 5.5(10.5) Fighting
 + Level 7.5(12.5) Axes
 + Level 6.2(11.2) Armour
 + Level 5.3(10.3) Shields
 * Level 4.2 Invocations


You had 8 spell levels left.
You didn't know any spells.
Your spell library contained the following spells:

 Spells                   Type           Power      Damage    Failure   Level
 Corpse Rot               Necr/Air       0%         N/A       86%         2
 Wereblood                Tmut           0%         N/A       86%         2
 Gell's Gravitas          Tloc           0%         N/A       98%         3
 Lesser Beckoning         Tloc           0%         N/A       98%         3
 Teleport Other           Tloc           0%         N/A       98%         3
 Blade Hands              Tmut           0%         N/A       100%        5
 Eringya's Noxious Bog    Tmut/Pois      0%         N/A       100%        6
 Summon Small Mammal      Summ           Unusable   N/A       N/A         1
 Call Canine Familiar     Summ           Unusable   N/A       N/A         3
 Summon Guardian Golem    Hex/Summ       Unusable   N/A       N/A         3
 Summon Forest            Summ/Tloc      Unusable   N/A       N/A         5
 Summon Hydra             Summ           Unusable   N/A       N/A         7

Dungeon Overview and Level Annotations

Branches:
Dungeon (7/15)             Temple (1/1) D:5

Altars:
Ashenzari
Fedhas
Hepliaklqana
Makhleb
Okawaru
Sif Muna
Uskayaw
Vehumet
Wu Jian
Yredelemnul

Shops:
D:4 (   D:7 [


Innate Abilities, Weirdness & Mutations

You are immune to sickness and miasma.
Your stone body is resilient. (AC +6)
You are immune to poison.
You resist negative energy. (rN+)
You are resistant to electric shocks. (rElec)
You are resistant to unholy torment.
You are immune to petrification.


Message History

You hear some strange, mumbled words.
You are confused.
The gnoll hits you but does no damage. The hornet barely misses you.
Something hits you but does no damage. The gnoll hits you but does no damage.
You're too confused to move!
The hornet stings you!
* * * LOW HITPOINT WARNING * * *
The gnoll hits you from afar with a +0 spear.
* * * LOW HITPOINT WARNING * * *
You hear some strange, mumbled words.
A puff of flame appears from out of thin air!
The puff of flame hits you but does no damage.
You resist. The gnoll closely misses you.
You hear some strange, mumbled words.
A magic dart appears from out of thin air!
The magic dart hits you.
* * * LOW HITPOINT WARNING * * *
The gnoll hits you but does no damage.
You feel better.
The hornet stings you but does no damage.
The gnoll closely misses you. You block something's attack.
The gnoll hits you from afar with a +0 trident.
* * * LOW HITPOINT WARNING * * *
The hornet closely misses you. Something hits you but does no damage.
The gnoll hits you from afar with a +0 spear.
* * * LOW HITPOINT WARNING * * *
You feel better.
The hornet stings you but does no damage.
The gnoll hits you but does no damage. Something hits you but does no damage.
The gnoll hits you from afar with a +0 trident.
* * * LOW HITPOINT WARNING * * *
Something hits you but does no damage. The gnoll hits you but does no damage.
You gain the combat prowess of a mighty hero.
The hornet barely misses you. The gnoll hits you but does no damage.
Something hits you but does no damage. The gnoll barely misses you.
The hornet stings you but does no damage.
Something hits you but does no damage. The gnoll barely misses you.
You barely miss the hornet.
The hornet is almost dead.
You hit something but do no damage. x2; The hornet stings you!
You die...

####### #.......... ..
### ###.##.#... .. ..#
#...#.#### #. #.#
#...#<.... #.# #.#
#...###### # #.. #.#
#...# #### ##.##.##.##
#...# #...
.......{..######...###...
#....gy@................
....#.g{........)........
. #.g##.......)........
#.. #.######...###...
.......# #...# #...
#.#..#### #...# ###.
#.... #...# #. #.##.
#...# #. . .. #...# #.


You could see a hornet and 3 gnolls.

Vanquished Creatures
  Maggie (D:6)
  An ice beast (D:4)
  2 sky beasts (D:5)
  A black bear (D:5)
  A necrophage (D:6)
  An ogre (D:5)
  A centaur (D:6)
  A phantom (D:5)
  A kobold brigand (D:6)
  3 scorpions
  A gnoll sergeant (D:5)
  A water moccasin skeleton (D:5)
  A hound (D:4)
  3 jellies
  A centaur skeleton (D:6)
  An orc priest (D:7)
  Crazy Yiuf (D:3)
  An iguana (D:5)
  A gnoll shaman (D:7)
  2 orc wizards
  A killer bee zombie (D:7)
  A hound zombie (D:5)
  8 adders
  5 gnolls
  A howler monkey skeleton (D:4)
  A shadow imp (D:7)
  3 white imps
  A worm (D:2)
  A dart slug (D:5)
  10 orcs
  8 ball pythons
  3 bats
  7 endoplasms
  A giant cockroach (D:1)
  10 goblins
  8 hobgoblins
  3 jackals (D:2)
  5 quokkas
  3 frilled lizards (D:2)
  11 kobolds
  4 rats
121 creatures vanquished.

Vanquished Creatures (others)
  5 fungi (D:3)
5 creatures vanquished.

Grand Total: 126 creatures vanquished

Notes
Turn   | Place    | Note
-------+----------+-------------------------------------------
     0 | D:1      | bande the Gargoyle Fighter began the quest for the Orb.
     0 | D:1      | Reached XP level 1. HP: 14/14 MP: 1/1
   431 | D:1      | Reached XP level 2. HP: 18/19 MP: 2/2
   552 | D:1      | Reached skill level 2 in Axes
   972 | D:1      | Reached XP level 3. HP: 20/23 MP: 3/3
  1436 | D:2      | Found a faded altar of an unknown god.
  1832 | D:2      | Reached XP level 4. HP: 29/29 MP: 4/4
  2287 | D:2      | Reached skill level 3 in Axes
  2308 | D:2      | Identified the +0 pair of boots of Ojekax {Int+3}
  2331 | D:2      | Got Sif Muna's Almanac of Feathery Shape Shifting
  2741 | D:3      | Identified a scroll of acquirement
  2741 | D:3      | Acquired 794 gold pieces
  2923 | D:3      | Noticed a scorpion
  2935 | D:3      | Killed a scorpion
  2936 | D:3      | Reached XP level 5. HP: 23/33 MP: 5/5
  3229 | D:3      | Found a runed translucent door.
  3230 | D:3      | Noticed Crazy Yiuf
  3239 | D:3      | Killed Crazy Yiuf
  3360 | D:4      | Found a basalt altar of Yredelemnul.
  3370 | D:4      | Identified the +1 robe of Rotation {rC++ Str-4}
  3409 | D:4      | Reached skill level 4 in Axes
  3409 | D:4      | Reached XP level 6. HP: 37/38 MP: 6/6
  3482 | D:4      | Found Vagin's Weapon Shoppe.
  3580 | D:4      | Noticed an ice beast
  3592 | D:4      | Killed an ice beast
  3828 | D:5      | Entered Level 5 of the Dungeon
  4084 | D:5      | Reached XP level 7. HP: 44/44 MP: 7/7
  4444 | D:5      | Found a staircase to the Ecumenical Temple.
  4454 | Temple   | Entered the Ecumenical Temple
  4471 | Temple   | Became a worshipper of Warmaster Okawaru
  4510 | D:5      | Reached skill level 5 in Armour
  4802 | D:5      | Reached skill level 5 in Axes
  5405 | D:5      | Reached skill level 1 in Invocations
  5647 | D:5      | Reached XP level 8. HP: 32/48 MP: 9/9
  5778 | D:5      | Reached * piety under Okawaru
  5987 | D:5      | Reached skill level 6 in Axes
  6113 | D:5      | Reached skill level 5 in Fighting
  6454 | D:6      | Reached skill level 5 in Shields
  6550 | D:6      | Noticed Maggie
  6568 | D:6      | Killed Maggie
  6568 | D:6      | Reached ** piety under Okawaru
  6569 | D:6      | Reached skill level 7 in Axes
  6569 | D:6      | Reached XP level 9. HP: 37/54 MP: 10/12
  6967 | D:6      | You fall into a shaft and drop 1 floor!
  6995 | D:7      | Found Ymumypt's Antique Armour Shoppe.
  7240 | D:7      | Noticed a hornet
  7260 | D:7      | Mangled by a hornet

Illustrated notes

Levels and vault maps discovered:
D:1:      eino_arrival_water_cross, layout_rooms
D:2:      wad_river_or_something, layout_basic, basic_ecumenical_altar,
          minmay_misc_feat_rows, dk_noncrumbling_4,
          chequers_serial_rivers_large_b
D:3:      layout_rooms, amethyst_killhole, uniq_crazy_yiuf_cottage
D:4:      layout_cave_pools, yredelemnul_altar_generic, serial_shops, shop
D:5:      minmay_polygon_palace, layout_loops_corners,
          minmay_temple_entry_gardened_gates
D:6:      layout_loops_ring, serial_rivers, chequers_serial_rivers_micro_c,
          chequers_serial_rivers_micro_a, chequers_serial_rivers_micro_b,
          chequers_serial_rivers_room_a, chequers_serial_rivers_micro_b,
          chequers_serial_rivers_micro_a, uniq_maggie, uniq_grinder
D:7:      layout_loops_cross, enter_bailey_8, serial_shops, shop
Temple:   nicolae_temple_x_marks_the_god

Skill      XL: |  1  2  3  4  5  6  7  8 |
---------------+-------------------------+-----
Axes           | 2 3 4 5 7 |  7.5
Armour         | 4 5 6 |  6.2
Fighting       | 4 5 |  5.5
Shields        | 4 5 |  5.3
Invocations    | 2 4 |  4.2

Action                   |  1- 3 |  4- 6 |  7- 9 || total
-------------------------+-------+-------+-------++-------
Melee: War axe           |   101 |   133 |   212 ||   446
Invok: Heroism           |       |       |     1 ||     1
  Use: Scroll            |     4 |     6 |       ||    10
       Potion            |       |       |     2 ||     2
Armor: Scale mail        |    60 |    66 |   158 ||   284
Dodge: Dodged            |    48 |    52 |   112 ||   212
Block: Buckler           |    32 |    44 |    70 ||   146
